 Dungeon Crawl Stone Soup version 0.29-a0-322-g68df515428 (webtiles) character file.

Game seed: 15584428982021407042

28 kae the Firebug (level 3, 0/20 HPs)
             Began as a Tengu Fire Elementalist on Apr 7, 2022.
             Slain by a rat (2 damage)
             ... summoned by Eustachio
             ... on level 4 of the Dungeon.
             The game lasted 00:01:46 (2481 turns).

kae the Firebug (Tengu Fire Elementalist)           Turns: 2481, Time: 00:01:47

Health: 0/20       AC:  2    Str:  8    XL:     3   Next: 12%
Magic:  6/7        EV: 12    Int: 17    God:
Gold:   111        SH:  3    Dex: 14    Spells: 3/6 levels left

rFire   . . .      SeeInvis .   c - +1 short sword
rCold   . . .      Faith    .   f - +0 buckler
rNeg    . . .      Spirit   .   a - +0 robe
rPois   .          Reflect  .   (helmet restricted)
rElec   .          Harm     .   (no cloak)
rCorr   .          Rampage  .   (no gloves)
Will    .....                   (boots unavailable)
Stlth   ++........              (no amulet)
HPRegen 0.06/turn               d - ring of wizardry
MPRegen 0.10/turn               (no ring)

@: no status effects
A: beak, talons 3
a: no special abilities


You were on level 4 of the Dungeon.
You visited 1 branch of the dungeon, and saw 3 of its levels.

You collected 111 gold pieces.

Inventory:

Hand Weapons
 c - a +1 short sword (weapon)
Armour
 a - a +0 robe (worn)
 f - a +0 buckler (worn)
Jewellery
 d - a ring of wizardry (left hand)
Scrolls
 h - 4 scrolls of identify


   Skills:
 + Level 0.6 Fighting
 + Level 0.8 Armour
 + Level 2.3 Dodging
 - Level 2.0 Stealth
 + Level 0.1 Shields
 + Level 2.1 Spellcasting
 + Level 2.1 Conjurations
 * Level 3.7 Fire Magic


You had 3 spell levels left.
You knew the following spells:

 Your Spells              Type           Power      Damage    Failure   Level
a - Foxfire               Conj/Fire      44%        2x1d6     3%          1
b - Scorch                Fire           28%        2d6       3%          2

Your spell library contained the following spells:

 Spells                   Type           Power      Damage    Failure   Level
 Conjure Flame            Conj/Fire      11%        6-21      10%         3
 Inner Flame              Hex/Fire       8%         N/A       16%         3
 Flame Wave               Conj/Fire      11%        2d5       30%         4


Dungeon Overview and Level Annotations

Branches:
Dungeon (2/15)

Altars:

Annotations:
D:2 1 runed translucent door, Crazy Yiuf
D:4 Eustachio


Innate Abilities, Weirdness & Mutations

You have a beak for a mouth.
You have claws for feet.


Message History

You kill the rat!
The rat's corpse disappears in a puff of smoke!
The quokka barely misses you. The rat bites you.
The quokka bites you but does no damage.
The rat closely misses you.
Casting: Scorch (safe; 3% risk of failure)
Confirm with . or Enter, or press ? or * to list all spells.
Flames lash the rat.
The rat is severely wounded.
The rat's fire resistance burns away.
The quokka bites you. The rat bites you but does no damage.
The quokka completely misses you. The rat bites you.
* * * LOW HITPOINT WARNING * * *
The quokka bites you.
* * * LOW HITPOINT WARNING * * *
Casting: Scorch (safe; 3% risk of failure)
Confirm with . or Enter, or press ? or * to list all spells.
You don't have enough magic to cast this spell.
Casting: Scorch (safe; 3% risk of failure)
Confirm with . or Enter, or press ? or * to list all spells.
You don't have enough magic to cast this spell.
You closely miss the rat. Your kick misses the rat. Your peck misses the rat.
The rat is severely wounded.
The rat is no longer more vulnerable to fire.
The quokka barely misses you. The rat bites you.
* * * LOW HITPOINT WARNING * * *
You miss the quokka. Your kick misses the quokka. Your peck misses the quokka.
The quokka closely misses you. The rat bites you but does no damage.
Your magical contamination has completely faded away.
Okay, then.
Magic courses through your body. You block the quokka's attack.
You block the rat's attack. The quokka barely misses you.
Casting: Scorch (safe; 3% risk of failure)
Confirm with . or Enter, or press ? or * to list all spells.
Flames lash the quokka.
You kill the quokka!
The quokka's corpse disappears in a puff of smoke!
The rat barely misses you. The rat bites you.
You die...

#.§§§#..#
#.§§r§..+
#.§§§#..#
#.§..#..#
+.....#..#
##....#..#
#....#..#
#...##..#
#...#@r.#
#...#
#####


You could see a rat (summoned).

Vanquished Creatures
  A worm (D:2)
  2 ball pythons
  A bat (D:1)
  An endoplasm (D:2)
  4 goblins
  4 hobgoblins
  4 jackals (D:1)
  2 kobolds
  2 rats
21 creatures vanquished.

Vanquished Creatures (others)
  68 foxfires
68 creatures vanquished.

Grand Total: 89 creatures vanquished

Notes
Turn   | Place    | Note
-------+----------+-------------------------------------------
     0 | D:1      | kae the Tengu Fire Elementalist began the quest for the
                  | Orb.
     0 | D:1      | Reached XP level 1. HP: 10/10 MP: 4/4
   133 | D:1      | Found a faded altar of an unknown god.
   232 | D:1      | Reached XP level 2. HP: 3/16 MP: 6/6
   238 | D:1      | Learned a level 2 spell: Scorch
  1470 | D:2      | Found a runed translucent door.
  1471 | D:2      | Noticed Crazy Yiuf
  1906 | D:2      | Reached XP level 3. HP: 10/20 MP: 2/7
  2426 | D:2      | You fall into a shaft and drop 2 floors!
  2450 | D:4      | Noticed Eustachio
  2481 | D:4      | Slain by a rat

Illustrated notes

Levels and vault maps discovered:
D:1:      dpeg_arrival_signposts, layout_loops_ring,
          shapermc_ecumenical_altar_venn
D:2:      layout_loops_corners, dreamdust_princess_corridor, nicolae_wormholes,
          uniq_crazy_yiuf_cottage
D:4:      layout_gridville, cheibrodos_worm_habitat, minmay_temple_entry_arrows,
          uniq_eustachio

Skill      XL: |  1  2 |
---------------+-------+-----
Conjurations   | 2 |  2.1
Fighting       | |  0.6
Armour         | |  0.8
Dodging        | |  2.3
Stealth        | |  2.0
Shields        | |  0.1
Spellcasting   | |  2.1
Fire Magic     | |  3.7

Action                   || total
-------------------------++-------
Melee: Short sword       ||    30
       Peck              ||     7
       Kick              ||     6
 Cast: Foxfire           ||    42
       Scorch            ||     3
  Use: Scroll            ||     6
       Potion            ||     2
Armor: Robe              ||    11
Dodge: Dodged            ||    32
Block: Buckler           ||     8

Table legend: (Time is in decaauts)
 A = Elapsed time spent in this place.
 B = Non-inter-level travel time spent in this place.
 C = Inter-level travel time spent in this place.
 D = Time resting spent in this place.
 E = Time spent auto-exploring this place.
 F = Levels seen in this place.
 G = Mean time per level.
                   A        B        C        D        E       F      G
               +--------+--------+--------+--------+--------+-----+--------+
         Total |   2483 |   2420 |     63 |     22 |   2076 |   3 |  827.7 |
       Dungeon |   2483 |   2420 |     63 |     22 |   2076 |   3 |  827.7 |
               +--------+--------+--------+--------+--------+-----+--------+

Top non-repeatable levels by time:
     D:1: 1373 daAuts
     D:2: 1054 daAuts
     D:4: 55 daAuts
